 Dungeon Sprint DCSS version 0.27-a0-1256-gced786f65e (webtiles) character file.

Game seed: 989081043192540933

565 rocky1 the Carver (level 7, 0/56 HPs)
             Began as a Formicid Fighter on June 11, 2021.
             Was a Believer of Cheibriados.
             Slain by a nine-headed hydra (2 damage)
             ... in the Dungeon (Sprint IX: "|||||||||||||||||||||||||||||").
             The game lasted 00:01:59 (494 turns).

rocky1 the Carver (Formicid Fighter)                 Turns: 494, Time: 00:02:00

Health: 0/56       AC: 15    Str: 26    XL:     7   Next: 58%
Magic:  8/10       EV:  9    Int: 15    God:    Cheibriados [**....]
Gold:   0          SH: 11    Dex: 14    Spells: 6/6 levels left

rFire    . . .     SeeInvis +   k - +2 scimitar (holy)
rCold    . . .     Faith    .   c - +0 kite shield
rNeg     . . .     Spirit   .   n - +1 chain mail
rPois    .         Reflect  .   (helmet unavailable)
rElec    .         Harm     .   l - +0 cloak
rCorr    .         Rampage  .   (no gloves)
Will     .....                  m - +0 pair of boots
Stlth    ..........             (no amulet)
HPRegen  0.18/turn              o - +2 ring of protection
MPRegen  0.12/turn              p - +3 ring of intelligence

@: mighty, very slightly contaminated, very slow
A: permanent stasis, dig shafts and tunnels, antennae 3, four strong arms
a: Dig, Renounce Religion, Bend Time


You were in the Dungeon.
You worshipped Cheibriados.
Cheibriados was pleased with you.
You visited 1 branch

Inventory:

Hand Weapons
 a - a +0 long sword
 k - a +2 scimitar of holy wrath (weapon)
Armour
 b - a +0 scale mail
 c - a +0 kite shield (worn)
 l - a +0 cloak (worn)
 m - a +0 pair of boots (worn)
 n - a +1 chain mail (worn)
Jewellery
 o - a +2 ring of protection (left hand)
 p - a +3 ring of intelligence (right hand)
Wands
 j - a wand of acid (10)
Scrolls
 i - 2 scrolls of amnesia
Potions
 e - 5 potions of curing
 f - 2 potions of heal wounds
 g - 4 potions of magic


   Skills:
 + Level 5.3 Fighting
 + Level 11.6 Long Blades
 + Level 5.3 Armour
 + Level 3.3 Dodging
 + Level 6.7 Shields
 + Level 4.5 Invocations
 + Level 4.1 Evocations


You had 6 spell levels left.
You didn't know any spells.
Your spell library was empty.

Dungeon Overview and Level Annotations

Branches:
Dungeon (1/1)

Altars:
Cheibriados
Dithmenos
Elyvilon
Fedhas
Gozag
Hepliaklqana
Kikubaaqudgha
Makhleb
Nemelex Xobeh
Okawaru
Qazlal
Ru
Sif Muna
Trog
Uskayaw
Vehumet
Wu Jian
Xom
Yredelemnul
Zin
The Shining One
Beogh
Jiyva
Lugonu


Innate Abilities, Weirdness & Mutations

You cannot be hasted, slowed, berserked, paralysed or teleported.
You can dig through walls and to a lower floor.
You have a pair of large antennae on your head. (SInv)
Your four strong arms can wield two-handed weapons with a shield.


Message History

Unknown command.
Okay, then.
Okay, then.
You flicker back into view.
The eight-headed hydra roars!
The troll shouts!
The seven-headed hydra roars!
The seven-headed hydra barely misses you.
You block the seven-headed hydra's attack.
The seven-headed hydra barely misses you.
The seven-headed hydra closely misses you.
The seven-headed hydra bites you but does no damage. x2
You block the seven-headed hydra's attack.
There is an open door, spattered with blood here.
You chop one of the seven-headed hydra's heads off!
The six-headed hydra grows two more!
You slash the eight-headed hydra!
The eight-headed hydra is moderately wounded.
The eight-headed hydra closely misses you.
You block the eight-headed hydra's attack.
The eight-headed hydra bites you but does no damage. x3
The eight-headed hydra bites you.
The eight-headed hydra bites you but does no damage. x2
You chop one of the eight-headed hydra's heads off!
The seven-headed hydra grows two more!
You slice the nine-headed hydra!!
The nine-headed hydra is heavily wounded.
The nine-headed hydra bites you!
You block the nine-headed hydra's attack.
The nine-headed hydra bites you but does no damage.
The nine-headed hydra closely misses you. x2
The nine-headed hydra bites you!
The nine-headed hydra bites you but does no damage. x3
You completely miss the nine-headed hydra.
The nine-headed hydra is heavily wounded.
The nine-headed hydra bites you.
* * * LOW HITPOINT WARNING * * *
The nine-headed hydra bites you but does no damage.
You block the nine-headed hydra's attack. x2
The nine-headed hydra closely misses you.
The nine-headed hydra bites you!
* * * LOW HITPOINT WARNING * * *
The nine-headed hydra bites you.
You die... ▓▓▓▓▓▓▓▓▓▓▓▓▓▓▓▓▓▓▓▓▓▓▓▓ +.DOcTD@...)..'......)?. ▓▓▓▓▓▓▓▓▓▓▓▓▓▓▓▓▓▓▓▓▓▓▓▓ {{{{{{{{

You could see a nine-headed hydra, an eight-headed hydra, a centaur warrior, a two-headed ogre and a troll.

Vanquished Creatures
  A vampire (D)
  A yak (D)
  A shadow (D)
  A centaur (D)
  A hound (D)
  An adder (D)
  A dart slug (D)
  2 bat skeletons (D)
  A giant cockroach (D)
  A jackal (D)
  A bat (D)
  A giant cockroach zombie (D)
  A kobold (D)
  A rat (D)
15 creatures vanquished.

Vanquished Creatures (others)
  2 vampires (D)
2 creatures vanquished.

Grand Total: 17 creatures vanquished

Notes
Turn   | Place    | Note
-------+----------+-------------------------------------------
     0 | D        | rocky1 the Formicid Fighter began the quest for the Orb.
     0 | D        | Reached XP level 1. HP: 18/18 MP: 1/1
     8 | D        | Reached skill level 3 in Long Blades
    14 | D        | Reached XP level 2. HP: 24/24 MP: 2/2
    31 | D        | Reached skill level 4 in Long Blades
    42 | D        | Reached skill level 6 in Long Blades
    42 | D        | Reached XP level 3. HP: 7/29 MP: 3/3
    53 | D        | Reached XP level 4. HP: 10/35 MP: 4/4
   386 | D        | Found a snail-covered altar of Cheibriados.
   386 | D        | Found a shadowy altar of Dithmenos.
   386 | D        | Found a white marble altar of Elyvilon.
   386 | D        | Found a blossoming altar of Fedhas.
   386 | D        | Found an opulent altar of Gozag.
   387 | D        | Found a hazy altar of Hepliaklqana.
   388 | D        | Found a viscous altar of Jiyva.
   389 | D        | Found an ancient bone altar of Kikubaaqudgha.
   390 | D        | Became a worshipper of Cheibriados the Contemplative
   391 | D        | Found a corrupted altar of Lugonu.
   392 | D        | Found a burning altar of Makhleb.
   393 | D        | Found a sparkling altar of Nemelex Xobeh.
   394 | D        | Found an iron altar of Okawaru.
   395 | D        | Found a stormy altar of Qazlal.
   396 | D        | Found a sacrificial altar of Ru.
   397 | D        | Found a shimmering blue altar of Sif Muna.
   398 | D        | Found a bloodstained altar of Trog.
   399 | D        | Found a hide-covered altar of Uskayaw.
   400 | D        | Found a radiant altar of Vehumet.
   401 | D        | Found an ornate altar of the Wu Jian Council.
   402 | D        | Found a shimmering altar of Xom.
   403 | D        | Found a basalt altar of Yredelemnul.
   404 | D        | Found a glowing silver altar of Zin.
   405 | D        | Found a glowing golden altar of the Shining One.
   460 | D        | Noticed a centaur
   460 | D        | Noticed a vampire
   460 | D        | Noticed a vampire
   460 | D        | Noticed a shadow
   460 | D        | Noticed a yak
   467 | D        | Killed a yak
   468 | D        | Reached skill level 11 in Long Blades
   468 | D        | Reached XP level 5. HP: 13/41 MP: 5/5
   468 | D        | Reached XP level 6. HP: 15/47 MP: 6/6
   473 | D        | Killed a vampire
   474 | D        | Killed a vampire
   475 | D        | Killed a shadow
   476 | D        | Reached skill level 5 in Shields
   479 | D        | Reached * piety under Cheibriados
   480 | D        | Reached XP level 7. HP: 9/55 MP: 6/9
   486 | D        | Noticed an eight-headed hydra
   486 | D        | Noticed a two-headed ogre
   486 | D        | Noticed a centaur warrior
   486 | D        | Noticed a troll
   486 | D        | Noticed a seven-headed hydra
   486 | D        | Noticed a vampire
   490 | D        | Killed a vampire
   490 | D        | Reached ** piety under Cheibriados
   491 | D        | Reached skill level 5 in Fighting
   491 | D        | Reached skill level 5 in Armour
   494 | D        | HP: 2/56 [nine-headed hydra (13)]
   494 | D        | Slain by a nine-headed hydra

Illustrated notes

Levels and vault maps discovered:
D:        linesprint [early_d, line_temple, items_1, d_10, items_2, lair_1,
          lair_end, items_3, orc_1, orc_end, items_4, d_15, swamp_1, shoals_1,
          snake_1, spider_1, d_20, vaults_1, items_5, swamp_end, shoals_end,
          snake_end, spider_end, vaults_end, d_27, items_6, zot_1, zot_end,
          crypt_end, forest_end, elf_end, slime_end, tomb_end, abyss_end,
          pan_hell_end]

Skill      XL: |  1  2  3  4  5  6  7 |
---------------+----------------------+-----
Shields        | 4 6 |  6.7
Long Blades    | 3 6 11 | 11.6
Fighting       | 4 5 |  5.3
Armour         | 4 5 |  5.3
Dodging        | 2 3 |  3.3
Invocations    | 3 4 |  4.5
Evocations     | 3 4 |  4.1

Action                   |  1- 3 |  4- 6 |  7- 9 || total
-------------------------+-------+-------+-------++-------
Melee: Long sword        |    42 |       |       ||    42
       Scimitar          |       |    14 |     8 ||    22
  Use: Potion            |       |     2 |     1 ||     3
Armor: Scale mail        |    25 |       |       ||    25
       Chain mail        |       |     5 |    12 ||    17
Dodge: Dodged            |    13 |     7 |     7 ||    27
Block: Kite shield       |    35 |     4 |    10 ||    49
       Rpst.: Long sword |     4 |       |       ||     4
       Scimitar          |       |     1 |       ||     1

Table legend: (Time is in decaauts)
 A = Elapsed time spent in this place.
 B = Non-inter-level travel time spent in this place.
 C = Inter-level travel time spent in this place.
 D = Time resting spent in this place.
 E = Time spent auto-exploring this place.
 F = Levels seen in this place.
 G = Mean time per level.
                   A        B        C        D        E       F      G
               +--------+--------+--------+--------+--------+-----+--------+
         Total |    520 |    520 |      0 |    327 |      0 |   1 |  520.0 |
       Dungeon |    520 |    520 |      0 |    327 |      0 |   1 |  520.0 |
               +--------+--------+--------+--------+--------+-----+--------+

Top non-repeatable levels by time:
       D: 520 daAuts
